 Dungeon Crawl Stone Soup version 0.19-a0-1861-g35def1e (webtiles) character file.

318641 vev the Unseen (level 20, -4/92 HPs)
             Began as a Felid Wizard on Oct 12, 2016.
             Was the Champion of Vehumet.
             Slain by a mace of protection (17 damage)
             ... on level 1 of the Elven Halls on Oct 13, 2016.
             The game lasted 07:37:54 (96812 turns).

vev the Unseen (Felid Wizard)                      Turns: 96812, Time: 07:37:55

Health: -4/92      AC:  3    Str:  3    XL:     20   Next: 58%
Magic:  2/47       EV: 33    Int: 33    God:    Vehumet [******]
Gold:   2622       SH:  0    Dex: 16    Spells: 10 memorised, 2 levels left
                                        Lives:  0   Deaths: 2

rFire  . . .     SeeInvis +     (weapon unavailable)
rCold  + . .     Gourm    .     (armour unavailable)
rNeg   . . .     Faith    .     (shield unavailable)
rPois  .         Spirit   .     (helmet unavailable)
rElec  .         Dismiss  .     (cloak unavailable)
rCorr  .         Reflect  .     (gloves unavailable)
MR     +++..     Harm     .     (boots unavailable)
Stlth  ++++++++.. Clarity  +    l - amulet of magic regeneration
                                M - +5 ring of intelligence
                                r - ring of magical power

@: very slightly contaminated, quick
A: no armour, no weapons or thrown items, stealth, claws 1, fangs 3, see
invisible, carnivore 3, clarity, speed 1, shaggy fur 3, slow metabolism 1, sharp
paws
a: Renounce Religion
}: 2/15 runes: barnacled, gossamer


You were on level 1 of the Elven Halls.
You worshipped Vehumet.
Vehumet was exalted by your worship.
You were full.

You visited 9 branches of the dungeon, and saw 39 of its levels.

You collected 3623 gold pieces.
You spent 1001 gold pieces at shops.

Inventory:

Jewellery
 a - an uncursed ring of protection from fire
 l - an amulet of magic regeneration (around neck)
 m - an uncursed ring of poison resistance
 r - a ring of magical power (left paw)
 M - a +5 ring of intelligence (right paw)
 N - an uncursed amulet of dismissal {unknown}
 U - the ring "Kutoreatt" {Dex+7 Slay+3 Stlth-}
   (You found it on level 4 of the Shoals)

   [ring of slaying]

   It affects your dexterity (+7).
   It affects your accuracy and damage with ranged weapons and melee attacks
   (+3).
   It makes you less stealthy.
Wands
 w - a wand of digging (20/24)
 E - a wand of disintegration (11/24)
 J - a wand of enslavement (10/24)
 P - a wand of hasting (5/9)
 Q - a wand of paralysis (5/24)
Scrolls
 c - 2 scrolls of amnesia
 f - 6 scrolls of fog
 g - 19 scrolls of remove curse
 h - 3 scrolls of recharging
 j - 9 scrolls of blinking
 o - 14 scrolls of teleportation
 p - 3 scrolls of immolation
 y - 3 scrolls of torment
 C - 5 scrolls of magic mapping
 H - 10 scrolls of identify
 T - 6 scrolls of fear
Potions
 d - 3 potions of might
 e - 4 potions of cure mutation
 i - 2 potions of agility
 n - 3 potions of brilliance
 q - 2 potions of cancellation
 u - 7 potions of heal wounds
 v - 7 potions of lignification
 x - 3 potions of flight
 z - 4 potions of haste
 D - a potion of berserk rage
 F - 7 potions of curing
 L - 3 potions of ambrosia
Books
 B - a book of Summonings

   Spells                             Type                      Level
   a - Recall                         Summoning/Translocation      3
   b - Aura of Abjuration             Summoning                    5
   c - Summon Demon                   Summoning                    5
   d - Summon Forest                  Summoning/Translocation      5
   e - Summon Mana Viper              Hexes/Summoning              5
   f - Shadow Creatures               Summoning                    6
 O - a book of Clouds

   Spells                             Type                      Level
   a - Mephitic Cloud                 Conjuration/Poison/Air       3
   b - Conjure Flame                  Conjuration/Fire             3
   c - Poisonous Cloud                Conjuration/Poison/Air       6
   d - Freezing Cloud                 Conjuration/Ice/Air          6
   e - Ring of Flames                 Charms/Fire                  7
Miscellaneous
 k - a phial of floods
 s - a fan of gales
 t - a crystal ball of energy
 R - a sack of spiders
Comestibles
 b - 23 meat rations
 A - a royal jelly
 G - 2 slices of pizza
 S - 6 beef jerkies


   Skills:
 - Level 12.3 Fighting
 - Level 18.5 Dodging
 - Level 19.7 Stealth
 - Level 13.9 Spellcasting
 + Level 19.4 Conjurations
   Level 1.0 Summonings
 - Level 1.5 Translocations
 + Level 18.0 Fire Magic
 - Level 5.1 Ice Magic
 - Level 3.2 Poison Magic


You had 2 spell levels left.
You knew the following spells:

 Your Spells              Type           Power        Failure   Level  Hunger
a - Bolt of Draining      Conj/Necr      ######....   1%          5    None
b - Blink                 Tloc           N/A          1%          2    None
c - Conjure Flame         Conj/Fire      #######.     0%          3    None
d - Bolt of Magma         Conj/Fire/Erth #######...   1%          5    None
e - Fireball              Conj/Fire      #######...   1%          5    None
f - Mephitic Cloud        Conj/Pois/Air  ######..     1%          3    None
m - Repel Missiles        Chrm/Air       ###...       3%          2    None
q - Orb of Destruction    Conj           ########..   1%          7    #####..
s - Ozocubu's Armour      Chrm/Ice       #####...     1%          3    None
w - Fire Storm            Conj/Fire      #######...   26%         9    #######


Dungeon Overview and Level Annotations

Branches:
Dungeon (15/15)            Temple (1/1) D:5            Lair (6/6) D:11
 Shoals (4/4) Lair:3       Spider (4/4) Lair:2        Slime (0/5) Lair:5
    Orc (2/2) D:11            Elf (1/3) Orc:2        Vaults (4/5) D:13
  Crypt (0/3) Vaults:2     Depths (2/5) D:15

Altars:
Ashenzari
Cheibriados
Dithmenos
Elyvilon
Fedhas
Gozag
Hepliaklqana
Kikubaaqudgha
Makhleb
Nemelex Xobeh
Okawaru
Qazlal
Ru
Sif Muna
Trog
Uskayaw
Vehumet
Xom
Yredelemnul
Zin
The Shining One
Beogh

Shops:
D:4 (   D:12 }   Orc:1 =   Orc:2 =([*   Vaults:1 }?:   Vaults:3 *

Portals:
Hell: Lair:6 Depths:1
Ziggurat: Depths:2
Trove: D:11 (give horn of Geryon)

Annotations:
Lair:2 exclusion: oklob plant
Spider:1 1 exclusion
Elf:1 Azrael


Innate Abilities, Weirdness & Mutations

You cannot wear armour.
You are incapable of wielding weapons or throwing items.
Your paws allow you to move quietly. (Stealth)
You have sharp claws.
You have razor-sharp teeth.
You have supernaturally acute eyesight. (SInv)
You are carnivorous and can eat meat at any time.
You cover ground quickly.
Your thick and shaggy fur keeps you warm. (AC +3, rC+)
You have a slow metabolism.
Your sharp claws are effective at attacking unaware monsters.
You possess an exceptional clarity of mind.


Message History

The fire elemental completely misses you.
The air elemental is engulfed in roaring flames.
The air elemental closely misses you. Azrael gestures at you.
The bolt of fire hits the fire elemental.
The fire elemental completely resists.
The bolt of fire hits you!
Ouch! That really hurt!
* * * LOW HITPOINT WARNING * * *
Unknown command.
The air elemental is engulfed in roaring flames.
The air elemental is destroyed!
Vehumet accepts your kill.
The mace of protection closely misses you.
The deep elf knight hits your worker ant with a long sword!
Your worker ant dies!
Your worker ant's corpse disappears in a puff of smoke!
Your soldier ant closely misses the fire elemental.
The fire elemental completely misses you.
The mace of protection hits you!
You die...

#......[....
...........
#####.........#
....%........#
>.†..........
....§..e... #
...E§R§(§##.#
#E@..# #a...).#
#.........
#.........
#...#...#.
#.#....%.. ##
## .### .#


You could see Azrael, a deep elf knight, an earth elemental, a fire elemental, a
mace of protection and a friendly soldier ant.

Vanquished Creatures
  the Enchantress (Depths:1)
  Arachne (Spider:3)
  Rupert (D:14)
  2 liches
  An acid blob (Lair:5)
  Frances (Shoals:1)
  An ancient champion (Vaults:2)
  2 krakens (Shoals:4)
  3 tengu reavers
  A sphinx (Vaults:3)
  Ilsuiw (Shoals:4)
  2 frost giants
  2 storm dragons
  14 vault wardens
  Aizul (Depths:2)
  4 fire giants
  6 ghost moths (Spider:4)
  3 orc warlords
  4 emperor scorpions
  A juggernaut zombie (Depths:1)
  3 spriggan defenders (Depths:1)
  10 stone giants
  11 ironheart preservers
  A ghoul (Vaults:1)
  A reaper (Depths:1)
  A war gargoyle (Vaults:2)
  16 very ugly things
  4 entropy weavers
  3 deep elf demonologists (Vaults:1)
  A dire elephant (D:15)
  4 merfolk javelineers
  4 spark wasps
  8 merfolk impalers
  5 ettins
  An eidolon (Vaults:2)
  A green death (Depths:1)
  9 yaktaur captains
  3 fire dragons
  An ice dragon (shapeshifter) (Depths:1)
  5 great orbs of eyes
  11 rakshasas
  13 vault guards
  5 merfolk avatars
  8 ice dragons
  3 spriggan air magi (Depths:1)
  7 centaur warriors
  10 hydras
  The ghost of vev the Destroyer, a journeyman OpCj (D:10)
  3 catoblepae
  A dancing weapon (Elf:1)
  5 death knights
  7 merfolk aquamancers (Shoals:4)
  2 tengu warriors
  A hell hog (shapeshifter) (Vaults:1)
  3 deep troll shamans (Vaults:4)
  2 satyrs
  Urug (Lair:4)
  8 death yaks
  21 ogre magi
  2 spriggan berserkers (Depths:1)
  A soul eater (Depths:1)
  8 deep elf knights
  2 shadow wraiths
  14 skeletal warriors
  A sea snake (shapeshifter) (D:15)
  A fire crab (Lair:3)
  A sixfirhy (Lair:6)
  11 sea snakes
  7 unseen horrors
  7 deep elf archers
  9 wizards
  2 unseen horrors (shapeshifter)
  2 glowing orange brains
  4 flayed ghosts
  3 deep trolls
  A kraken simulacrum (Shoals:4)
  18 ironbrand convokers
  17 orc knights
  A wolf spider zombie (D:15)
  14 hill giants
  14 harpies
  11 deep elf magi
  18 cyclopes
  3 phantasmal warriors
  A wolf spider (shapeshifter) (Vaults:3)
  52 wolf spiders
  3 necromancers
  3 orc sorcerers
  A stone giant zombie (Vaults:3)
  14 fauns
  11 manticores
  2 tengu skeletons
  2 oklob plants
  24 orb spiders
  A salamander (D:15)
  56 ugly things
  A manticore (shapeshifter) (D:13)
  2 frost giant skeletons
  2 moths of wrath (Spider:2)
  11 sirens
  8 black mambas
  Maurice (D:10)
  15 elephants
  12 vault sentinels
  9 water nymphs
  A smoke demon (Lair:6)
  A molten gargoyle (D:14)
  3 centaur zombies
  A spiny frog (shapeshifter) (D:15)
  2 gargoyles
  5 orange demons (Lair:6)
  A torpor snail (Lair:6)
  6 centaur skeletons
  10 freezing wraiths
  2 efreet
  17 spiny frogs
  A kobold demonologist (D:13)
  10 komodo dragons
  3 rime drakes
  49 yaktaurs
  A human zombie (Vaults:3)
  A redback zombie (D:15)
  4 ice devils (Lair:6)
  11 demonic crawlers
  3 tengu conjurers
  3 meliai (D:13)
  A hellwing (Lair:6)
  9 trolls
  34 merfolk
  3 polar bears
  3 wind drakes
  A wind drake (shapeshifter) (Depths:1)
  50 jumping spiders
  10 hornets
  17 two-headed ogres
  A tengu simulacrum (Depths:1)
  A slime creature (Vaults:1)
  10 blink frogs
  A fire giant simulacrum (Depths:1)
  13 hippogriffs
  16 dream sheep
  7 snapping turtles
  3 human simulacra
  A large abomination (Depths:1)
  An ettin zombie (Depths:1)
  2 shadows
  A vampire (D:13)
  An ettin skeleton (Depths:1)
  A wraith (Vaults:2)
  91 redbacks
  3 spriggans
  3 wyverns
  67 yaks
  2 fire elementals
  49 tarantellas
  10 water elementals
  2 hogs (shapeshifter) (Vaults:1)
  5 hungry ghosts
  13 basilisks
  A golden eye (shapeshifter) (Vaults:2)
  A chaos spawn (Depths:1)
  A yaktaur simulacrum (Depths:1)
  12 vampire mosquitoes
  An insubstantial wisp (Depths:1)
  4 mottled dragons
  5 wargs
  3 hell hounds (Elf:1)
  2 soldier ants
  19 water moccasins
  A small abomination (Depths:1)
  15 porcupines
  2 black bears (shapeshifter)
  47 orc warriors
  4 sky beasts
  2 ice beasts
  3 black bears
  2 eyes of draining (shapeshifter)
  3 necrophages
  82 ogres
  An eye of draining (D:10)
  5 boggarts
  A boggart (shapeshifter) (Vaults:2)
  A fire dragon simulacrum (Depths:1)
  2 phantoms
  A tengu (shapeshifter) (Vaults:1)
  14 wolves
  13 centaurs
  9 crocodiles
  6 big kobolds
  24 bullfrogs
  Blork the orc (D:8)
  A gnoll sergeant (D:10)
  3 wyvern zombies
  A wyvern skeleton (D:9)
  7 scorpions
  18 killer bees
  14 wights
  2 electric eels (Spider:3)
  8 howler monkeys
  A lava snake (D:14)
  10 crimson imps
  2 quasits
  3 bullfrog zombies
  6 jellies
  32 orc priests
  10 hounds
  3 bullfrog skeletons
  5 iguanas
  60 orc wizards
  7 hell rats
  15 worker ants
  A hound zombie (D:8)
  3 hound skeletons
  A worker ant zombie (D:9)
  3 gnolls
  A howler monkey skeleton (D:6)
  19 adders
  3 river rats (Lair:2)
  6 shadow imps
  3 oozes
  An adder zombie (D:7)
  An adder skeleton (D:9)
  A worm (D:2)
  A dart slug (D:1)
  6 leopard geckos
  143 orcs
  7 bats
  10 giant cockroaches
  10 goblins
  7 hobgoblins
  13 jackals
  39 kobolds
  4 quokkas
  5 frilled lizards
  A leopard gecko skeleton (D:5)
  3 quokka skeletons
  21 rats
  A bush (Lair:6)
  5 fungi
  12 plants
  A tentacle (Shoals:4)
  A withered plant (D:13)
2055 creatures vanquished.

Vanquished Creatures (collateral kills)
  A snapping turtle (Shoals:4)
  An air elemental (Elf:1)
2 creatures vanquished.

Vanquished Creatures (others)
  A hill giant (D:15)
  A jumping spider (Spider:3)
  A redback (Spider:4)
  An ogre (Vaults:3)
  An adder skeleton (D:4)
  11 fire vortices
  17 fungi
  17 plants
  16 tentacles (Shoals:4)
66 creatures vanquished.

Grand Total: 2123 creatures vanquished

Notes
Turn   | Place    | Note
-------+----------+-------------------------------------------
     0 | D:1      | vev the Felid Wizard began the quest for the Orb.
     0 | D:1      | Reached XP level 1. HP: 7/7 MP: 5/5
    11 | D:1      | Reached skill level 1 in Conjurations
   134 | D:1      | Reached skill level 3 in Stealth
   303 | D:1      | Reached XP level 2. HP: 10/11 MP: 0/7
   466 | D:1      | Reached skill level 3 in Dodging
   986 | D:1      | Reached XP level 3. HP: 14/14 MP: 5/8
  1434 | D:2      | Learned a level 3 spell: Conjure Flame
  1438 | D:2      | Learned a level 3 spell: Mephitic Cloud
  1521 | D:2      | Reached skill level 2 in Conjurations
  2303 | D:2      | Found an opulent altar of Gozag.
  2303 | D:2      | Found a glowing silver altar of Zin.
  2354 | D:2      | Found a hide-covered altar of Uskayaw.
  2598 | D:3      | Reached XP level 4. HP: 18/18 MP: 1/9
  3601 | D:3      | Reached skill level 3 in Conjurations
  3601 | D:3      | Reached XP level 5. HP: 21/21 MP: 7/11
  3663 | D:3      | Learned a level 2 spell: Repel Missiles
  3668 | D:3      | Reached skill level 1 in Fighting
  3668 | D:3      | Reached skill level 4 in Dodging
  3987 | D:3      | Gained mutation: Your spells are a little harder to cast, but a little more powerful. [potion of mutation]
  3991 | D:3      | Learned a level 2 spell: Blink
  4244 | D:3      | Found a white marble altar of Elyvilon.
  4343 | D:3      | Found a basalt altar of Yredelemnul.
  4414 | D:4      | Found Ohaopie's Weapon Shoppe.
  4937 | D:4      | Found a sparkling altar of Nemelex Xobeh.
  5167 | D:4      | Gained mutation: You are covered in thick fur. (AC +2) [Felid growth]
  5167 | D:4      | Reached XP level 6. HP: 22/26 MP: 3/12
  5298 | D:3      | Reached skill level 4 in Stealth
  5862 | D:5      | Entered Level 5 of the Dungeon
  5874 | D:5      | Noticed a steam dragon
  5904 | D:5      | Reached skill level 4 in Conjurations
  6003 | D:5      | Reached skill level 2 in Fighting
  6217 | D:5      | Reached skill level 5 in Dodging
  6217 | D:5      | Reached skill level 4 in Spellcasting
  6217 | D:5      | Reached XP level 7. HP: 24/30 MP: 6/14
  6387 | D:5      | HP: 1/45 [orc wizard/magic dart (6)]
  6452 | D:5      | Reached skill level 5 in Stealth
  7152 | D:5      | Found a staircase to the Ecumenical Temple.
  7160 | Temple   | Entered the Ecumenical Temple
  7421 | D:5      | Noticed a steam dragon
  8006 | D:5      | Reached skill level 3 in Fighting
  8038 | D:5      | Reached skill level 5 in Conjurations
  8311 | D:6      | Reached XP level 8. HP: 34/34 MP: 9/15
  8518 | D:6      | Reached skill level 6 in Dodging
  8594 | D:6      | Reached skill level 6 in Stealth
  8898 | D:6      | Found a blossoming altar of Fedhas.
  9604 | D:7      | Reached skill level 5 in Spellcasting
  9724 | D:7      | Lost mutation: Your spells are a little harder to cast, but a little more powerful. [potion of cure mutation]
  9740 | D:7      | Reached skill level 6 in Conjurations
  9840 | D:7      | Reached skill level 4 in Fighting
 10207 | D:7      | Reached skill level 7 in Dodging
 10818 | D:7      | Reached XP level 9. HP: 39/39 MP: 10/17
 11231 | D:7      | Found a burning altar of Makhleb.
 11232 | D:7      | Found a radiant altar of Vehumet.
 11380 | D:7      | Became a worshipper of Vehumet
 11436 | D:8      | Reached skill level 7 in Stealth
 11502 | D:8      | Learned a level 3 spell: Ozocubu's Armour
 11507 | D:8      | Learned a level 4 spell: Throw Icicle
 11659 | D:8      | Noticed a troll
 11663 | D:8      | Killed a troll
 11663 | D:8      | Reached skill level 1 in Ice Magic
 11823 | D:8      | Found an ancient bone altar of Kikubaaqudgha.
 11920 | D:8      | Found a shadowy altar of Dithmenos.
 11958 | D:8      | Found a shattered altar of Ashenzari.
 12224 | D:8      | Reached skill level 2 in Ice Magic
 12648 | D:8      | Noticed Blork the orc
 12652 | D:8      | Killed Blork the orc
 12657 | D:8      | Found a deep blue altar of Sif Muna.
 13314 | D:9      | Reached skill level 5 in Fighting
 13392 | D:9      | Noticed a troll
 13403 | D:9      | Killed a troll
 13403 | D:9      | Reached skill level 7 in Conjurations
 13403 | D:9      | Reached skill level 3 in Ice Magic
 13425 | D:9      | Reached skill level 8 in Stealth
 13773 | D:9      | Reached skill level 8 in Dodging
 14172 | D:10     | Entered Level 10 of the Dungeon
 14228 | D:10     | Noticed vev's ghost (journeyman OpCj)
 14237 | D:10     | Reached * piety under Vehumet
 14237 | D:10     | Offered knowledge of Flame Tongue by Vehumet.
 14423 | D:10     | Killed vev's ghost
 14423 | D:10     | Reached skill level 6 in Spellcasting
 14423 | D:10     | Reached skill level 4 in Ice Magic
 14423 | D:10     | Reached XP level 10. HP: 44/44 MP: 4/20
 14572 | D:10     | Paralysed by a hornet for 2 turns
 14581 | D:10     | HP: 4/45 [hornet (18)]
 14582 | D:10     | HP: 1/45 [poisoned by a hornet]
 14601 | D:9      | HP: 4/45 [poisoned by a hornet]
 14607 | D:9      | HP: 3/45 [poisoned by a hornet]
 14614 | D:9      | HP: 2/45 [poisoned by a hornet]
 16397 | D:9      | Reached skill level 6 in Fighting
 16397 | D:9      | Reached skill level 9 in Stealth
 16845 | D:9      | Reached skill level 9 in Dodging
 16845 | D:9      | Reached skill level 5 in Ice Magic
 17094 | D:9      | Reached ** piety under Vehumet
 17200 | D:9      | Offered knowledge of Sandblast by Vehumet.
 17668 | D:10     | Noticed a gargoyle
 18370 | D:9      | Noticed a flayed ghost
 18452 | D:9      | Killed a flayed ghost
 18973 | D:9      | Reached XP level 11. HP: 41/49 MP: 2/22
 19089 | D:10     | Noticed Maurice
 19321 | D:10     | Offered knowledge of Dazzling Spray by Vehumet.
 19331 | D:10     | Learned a level 3 spell: Dazzling Spray
 19942 | D:10     | Noticed a hill giant
 20068 | D:10     | Killed a hill giant
 20068 | D:10     | Reached skill level 10 in Stealth
 20068 | D:10     | Reached skill level 8 in Conjurations
 20183 | D:10     | Killed Maurice
 20183 | D:10     | Reached skill level 7 in Fighting
 20183 | D:10     | Reached skill level 7 in Spellcasting
 21021 | D:11     | Noticed a hill giant
 21281 | D:11     | Reached skill level 10 in Dodging
 21511 | D:11     | Reached *** piety under Vehumet
 21660 | D:11     | Noticed a four-headed hydra
 21668 | D:11     | Killed a four-headed hydra
 21942 | D:11     | Killed a hill giant
 22082 | D:11     | Noticed a hill giant
 22092 | D:11     | Killed a hill giant
 22401 | D:11     | Found a staircase to the Orcish Mines.
 22584 | Orc:1    | Entered Level 1 of the Orcish Mines
 22867 | D:11     | Found a portal to a secret trove of treasure.
 23000 | D:11     | Reached skill level 11 in Stealth
 23014 | D:11     | Found a staircase to the Lair.
 23251 | D:11     | Offered knowledge of Force Lance by Vehumet.
 24548 | D:11     | Reached skill level 8 in Fighting
 25263 | D:11     | Noticed a wolf spider
 25291 | D:11     | Killed a wolf spider
 25474 | Lair:1   | Entered Level 1 of the Lair of Beasts
 25683 | Lair:1   | Reached skill level 11 in Dodging
 25693 | Lair:1   | Reached **** piety under Vehumet
 25693 | Lair:1   | Reached skill level 8 in Spellcasting
 25693 | Lair:1   | Gained mutation: Your thick and shaggy fur keeps you warm. (AC +3, rC+) [Felid growth]
 25693 | Lair:1   | Reached XP level 12. HP: 43/54 MP: 1/25
 25909 | Lair:1   | Noticed a five-headed hydra
 25915 | Lair:1   | Killed a five-headed hydra
 26195 | Lair:1   | Reached skill level 9 in Conjurations
 26646 | D:11     | Reached skill level 12 in Stealth
 26855 | Lair:1   | Offered knowledge of Fireball by Vehumet.
 28233 | Lair:2   | Noticed a seven-headed hydra
 28494 | Lair:2   | Found a hole to the Spider Nest.
 29088 | Lair:2   | Killed a seven-headed hydra
 29705 | Lair:2   | Found a blossoming altar of Fedhas.
 30854 | Lair:2   | Learned a level 5 spell: Fireball
 30931 | Lair:3   | Found a staircase to the Shoals.
 31037 | Lair:3   | Reached skill level 12 in Dodging
 31253 | Lair:3   | Reached skill level 1 in Fire Magic
 31376 | Lair:3   | Reached skill level 9 in Fighting
 31582 | Lair:3   | Found a snail-covered altar of Cheibriados.
 31822 | Lair:3   | Reached skill level 2 in Fire Magic
 33395 | Lair:4   | Reached skill level 3 in Fire Magic
 33398 | Lair:4   | Noticed a seven-headed hydra
 33568 | Lair:4   | Noticed Urug
 33576 | Lair:4   | Killed a seven-headed hydra
 33576 | Lair:4   | Reached skill level 9 in Spellcasting
 33576 | Lair:4   | Reached XP level 13. HP: 59/59 MP: 2/27
 33644 | Lair:3   | Reached skill level 13 in Stealth
 34131 | Lair:4   | Killed Urug
 34367 | Lair:4   | Reached skill level 10 in Conjurations
 35319 | Lair:4   | Reached ***** piety under Vehumet
 35319 | Lair:4   | Offered knowledge of Airstrike by Vehumet.
 36342 | Lair:5   | Reached skill level 13 in Dodging
 36751 | Lair:5   | Learned a level 5 spell: Bolt of Magma
 36813 | Lair:5   | Found a glowing golden altar of the Shining One.
 37046 | Lair:5   | Reached skill level 10 in Fighting
 37469 | Lair:5   | Reached skill level 14 in Stealth
 37711 | Lair:5   | Found a staircase to the Slime Pits.
 37968 | Lair:6   | Entered Level 6 of the Lair of Beasts
 38902 | Lair:5   | Reached skill level 10 in Spellcasting
 39362 | Lair:5   | Reached XP level 14. HP: 62/66 MP: 2/29
 40365 | Lair:6   | Offered knowledge of Poisonous Cloud by Vehumet.
 40594 | Lair:6   | Reached skill level 11 in Conjurations
 41007 | Lair:6   | Reached skill level 14 in Dodging
 41336 | Lair:6   | Found a hide-covered altar of Uskayaw.
 41912 | Lair:6   | Reached skill level 15 in Stealth
 43517 | Lair:5   | Noticed an acid blob
 43526 | Lair:5   | Killed an acid blob
 44507 | Lair:6   | Reached skill level 11 in Spellcasting
 45034 | Lair:6   | Found a burning altar of Makhleb.
 45044 | Lair:6   | Found a gateway to Hell.
 46593 | D:7      | Gained mutation: You have a pair of small antennae on your head. [mutagenic meat]
 46596 | D:7      | Gained mutation: You tend to lose your temper in combat. [mutagenic meat]
 46599 | D:7      | Gained mutation: You often lose your temper in combat. [mutagenic meat]
 46602 | D:7      | Gained mutation: Your magical capacity is low. (-10% MP) [mutagenic meat]
 46602 | D:7      | Lost mutation: You often lose your temper in combat. [potion of cure mutation]
 46602 | D:7      | Lost mutation: You tend to lose your temper in combat. [potion of cure mutation]
 46603 | D:7      | Lost mutation: Your magical capacity is low. (-10% MP) [potion of cure mutation]
 46603 | D:7      | Lost mutation: You have a pair of small antennae on your head. [potion of cure mutation]
 47089 | D:12     | Reached skill level 15 in Dodging
 47432 | D:12     | Reached skill level 16 in Stealth
 48019 | D:12     | Reached XP level 15. HP: 33/69 MP: 13/31
 48155 | D:12     | Found Kiaph's Gadget Boutique.
 48967 | D:13     | Offered knowledge of Bolt of Draining by Vehumet.
 49262 | D:12     | Learned a level 5 spell: Bolt of Draining
 49779 | D:13     | Found a gate to the Vaults.
 49785 | D:13     | Reached skill level 12 in Conjurations
 51404 | D:14     | Noticed Rupert
 52423 | D:14     | Gained mutation: You possess an exceptional clarity of mind. [mutagenic meat]
 52445 | D:14     | Paralysed by Rupert for 3 turns
 52449 | D:14     | Killed Rupert
 54168 | Orc:1    | Noticed an orc warlord
 54229 | Orc:1    | Reached skill level 12 in Spellcasting
 54262 | Orc:1    | Reached skill level 16 in Dodging
 54338 | Orc:1    | Killed an orc warlord
 54338 | Orc:1    | Reached skill level 17 in Stealth
 54720 | Orc:1    | Found Xuch's Jewellery Boutique.
 54767 | Orc:2    | Entered Level 2 of the Orcish Mines
 54777 | Orc:2    | Found a roughly hewn altar of Beogh.
 54927 | Orc:2    | Found a roughly hewn altar of Beogh.
 55055 | Orc:2    | Found Biaged's Assorted Antiques.
 55115 | Orc:2    | Found a roughly hewn altar of Beogh.
 55363 | Orc:2    | Offered knowledge of Bolt of Fire by Vehumet.
 55468 | Orc:2    | Found a staircase to the Elven Halls.
 55489 | Orc:2    | Found a roughly hewn altar of Beogh.
 55560 | Orc:2    | Found Gimpext's Jewellery Shoppe.
 55666 | Orc:2    | Found a roughly hewn altar of Beogh.
 55715 | Orc:2    | Found a roughly hewn altar of Beogh.
 56774 | Orc:2    | Noticed an orc warlord
 57137 | Orc:2    | Killed an orc warlord
 57261 | Orc:2    | Found Siteed's Antique Armour Boutique.
 57262 | Orc:2    | Found a roughly hewn altar of Beogh.
 57263 | Orc:2    | Found Polets's Antique Weapon Shop.
 57509 | Orc:2    | Bought a scratched peridot ring for 145 gold pieces
 57509 | Orc:2    | Bought a crooked fluorescent wand for 116 gold pieces
 57768 | Orc:2    | Bought an uncursed ring of magical power for 240 gold pieces
 57852 | Orc:1    | Bought an uncursed amulet of magic regeneration for 300 gold pieces
 58030 | Spider:1 | Entered Level 1 of the Spider Nest
 58456 | Orc:1    | Bought an uncursed ring of poison resistance for 200 gold pieces
 58886 | Spider:1 | Reached XP level 16. HP: 33/73 MP: 4/33
 59120 | Spider:1 | Offered knowledge of Orb of Destruction by Vehumet.
 59551 | Spider:1 | Reached skill level 13 in Conjurations
 60289 | Spider:1 | Learned a level 7 spell: Orb of Destruction
 61279 | Spider:2 | Reached skill level 18 in Stealth
 61790 | Spider:2 | Offered knowledge of Conjure Ball Lightning by Vehumet.
 61959 | Spider:2 | Reached skill level 17 in Dodging
 62739 | Spider:3 | Noticed Arachne
 63036 | Spider:2 | Reached skill level 13 in Spellcasting
 64274 | Spider:3 | Killed Arachne
 64274 | Spider:3 | Reached skill level 11 in Fighting
 64744 | Spider:4 | Entered Level 4 of the Spider Nest
 64975 | Spider:4 | Reached XP level 17. HP: 78/78 MP: 32/35
 64977 | Spider:4 | Offered knowledge of Poison Arrow by Vehumet.
 65765 | Spider:4 | Learned a level 6 spell: Poison Arrow
 66022 | Spider:4 | Reached skill level 1 in Poison Magic
 66419 | Spider:3 | Reached skill level 2 in Poison Magic
 67261 | Spider:4 | Reached ****** piety under Vehumet
 67261 | Spider:4 | Reached skill level 3 in Poison Magic
 67314 | Spider:4 | Reached skill level 19 in Stealth
 67335 | Spider:4 | Identified a scroll of acquirement
 67453 | Spider:4 | Reached skill level 14 in Conjurations
 68149 | Spider:4 | Reached skill level 18 in Dodging
 68605 | Spider:4 | Got a gossamer rune of Zot
 68977 | D:15     | Entered Level 15 of the Dungeon
 70192 | D:15     | Reached skill level 12 in Fighting
 70558 | D:15     | Found a staircase to the Depths.
 71411 | Vaults:1 | Entered Level 1 of the Vaults
 71606 | Vaults:1 | Reached XP level 18. HP: 84/84 MP: 36/36
 71616 | Vaults:1 | Offered knowledge of Lehudib's Crystal Spear by Vehumet.
 71616 | Vaults:1 | Offered knowledge of Fire Storm by Vehumet.
 71616 | Vaults:1 | Offered knowledge of Glaciate by Vehumet.
 72243 | Vaults:1 | Learned a level 9 spell: Fire Storm
 72270 | Vaults:1 | Reached skill level 4 in Fire Magic
 72586 | Vaults:1 | Reached skill level 5 in Fire Magic
 72865 | Vaults:1 | Reached skill level 6 in Fire Magic
 72967 | Vaults:1 | Reached skill level 7 in Fire Magic
 73467 | Vaults:1 | Reached skill level 8 in Fire Magic
 73997 | Vaults:1 | Found Emeix's Book Emporium.
 73997 | Vaults:1 | Found Daclih Vaew's Magic Scroll Emporium.
 74019 | Vaults:1 | Found Echum's Gadget Emporium.
 74590 | Vaults:1 | Reached skill level 9 in Fire Magic
 75239 | Vaults:1 | Reached skill level 10 in Fire Magic
 76178 | Vaults:1 | Reached skill level 11 in Fire Magic
 76457 | Vaults:1 | Reached XP level 19. HP: 88/88 MP: 11/37
 77569 | Vaults:2 | Reached skill level 12 in Fire Magic
 78018 | Vaults:2 | Found a staircase to the Crypt.
 78495 | Vaults:2 | Reached skill level 15 in Conjurations
 79186 | Vaults:2 | Reached skill level 13 in Fire Magic
 79441 | Vaults:2 | Found a shimmering altar of Xom.
 81511 | Vaults:3 | Reached XP level 20. HP: 92/92 MP: 29/38
 81553 | Vaults:3 | Reached skill level 14 in Fire Magic
 81729 | Vaults:3 | Found Plog's General Store.
 81966 | Vaults:3 | Reached skill level 16 in Conjurations
 85112 | Vaults:4 | Reached skill level 15 in Fire Magic
 86060 | Vaults:4 | Reached skill level 17 in Conjurations
 87390 | Depths:1 | Entered Level 1 of the Depths
 87585 | Depths:1 | Reached XP level 21. HP: 96/96 MP: 29/39
 87747 | Depths:1 | Found a runed gate.
 87747 | Depths:1 | Found a runed gate.
 87747 | Depths:1 | Found a runed gate.
 88322 | Depths:1 | Reached skill level 16 in Fire Magic
 89223 | Depths:1 | Noticed the Enchantress
 89244 | Depths:1 | Killed the Enchantress
 89244 | Depths:1 | Reached skill level 18 in Conjurations
 91038 | Depths:2 | Killed from afar by a fire giant
 91039 | Depths:2 | Reached XP level 20. HP: -2/92 MP: 47/47
 91061 | Depths:2 | Noticed Aizul
 91068 | Depths:2 | Killed Aizul
 91232 | Depths:2 | Found a gateway to a ziggurat.
 91262 | Depths:2 | HP: 9/92 [fire giant/fireball (27)]
 91263 | Depths:2 | Killed from afar by a fire giant
 91264 | Depths:2 | Reached XP level 19. HP: -9/88 MP: 43/46
 91724 | Shoals:1 | Entered Level 1 of the Shoals
 91838 | Shoals:1 | Reached skill level 17 in Fire Magic
 92085 | Shoals:1 | Noticed Frances
 92104 | Shoals:1 | Killed Frances
 93663 | Shoals:3 | Reached XP level 20. HP: 92/92 MP: 29/38
 94206 | Shoals:4 | Entered Level 4 of the Shoals
 94489 | Shoals:4 | Reached skill level 19 in Conjurations
 94913 | Shoals:4 | Noticed Ilsuiw
 94916 | Shoals:4 | Killed Ilsuiw
 95935 | Shoals:4 | Reached skill level 18 in Fire Magic
 96085 | Shoals:4 | Got a barnacled rune of Zot
 96475 | Shoals:4 | Got a slimy pewter ring
 96477 | Shoals:4 | Identified the ring "Kutoreatt" {Dex+7 Slay+3 Stlth-} (You found it on level 4 of the Shoals)
 96794 | Elf:1    | Entered Level 1 of the Elven Halls
 96798 | Elf:1    | Noticed Azrael
 96812 | Elf:1    | Slain by a mace of protection

Vault maps used:
D:1:      minmay_arrival_shattered_statue, columned_hall_lemuel,
          solitary_fountain, kennysheep_decorative_pillar, minmay_pentomino_z4
D:2:      grunt_temple_overflow_gold_and_silver, lemuel_crystal_altar
D:3:      kennysheep_ying_yang
D:4:      serial_shops, shop, nemelex_altar_shiori
D:5:      kennysheep_steamy, first_bread
D:6:      overflow_temple_1_default
D:7:      grunt_temple_overflow_lords_of_destruction
D:8:      minmay_flawed_box, old_standard_altar,
          grunt_dithmenos_smoke_and_mirrors, tgw_sif, basic_altar
D:10:     kennysheep_generic_room_14, uniq_maurice
D:11:     lair_0_dummy, david_orc_3, nicolae_trove_entry_crystal, the_bakery
D:12:     serial_shops, shop
D:13:     lightli_vaults_fourway_checkpoint, argonaut_gorgonesque
D:14:     moated_statue, kennysheep_generic_room_2, uniq_rupert
D:15:     hangedman_depths_entry_try_elsewhere_first, serial_bayou_pond_a
Temple:   jpeg_temple_alley_garden
Lair:2:   kennysheep_abandoned_house, spider_nest_entry_webs, tgw_fedhas
Lair:3:   minmay_shoals_entry_centaurs, basic_altar, beast_lair_carwin_7,
          lemuel_fruit_tree, lemuel_fruit_fields
Lair:4:   beast_lair_carwin_large_2, grunt_megastairs_2, uniq_urug
Lair:5:   nicolae_slime_entry_slimehenge, basic_altar, grunt_megastairs_3,
          infiniplex_staircase_pool
Lair:6:   evil_forest, lemuel_oklob_altar
Shoals:1: overgrown_hall, uniq_frances
Shoals:4: shoals_end_grunt_ice, shoals_ilsuiw_ice
Spider:2: nicolae_spider_cling_halls
Spider:3: uniq_arachne
Spider:4: spider_rune_water
Orc:1:    serial_shops, nicolae_shop_behind_doors, mines_bat_river
Orc:2:    grunt_orc_community_town_hall, grunt_orc_community_big_house_1,
          grunt_orc_community_big_house_1, grunt_orc_community_house_3,
          grunt_orc_community_house_3, grunt_orc_community_house_3,
          grunt_orc_community_house_1, grunt_orc_community_house_2,
          grunt_orc_community_house_1
Elf:1:    serial_shops, shop_statue, hangedman_corner_corridor,
          nicolae_elf_glass_and_crystal_pillar_1, uniq_azrael
Vaults:1: vaults_mumra_minichess, v_misc_8, nicolae_vaults_little_squares_3,
          v_misc_5, hangedman_vaults_hard_town_square,
          nicolae_vaults_network_quincunx, ontoclasm_vaults_ligature,
          vaults_room_fours, nicolae_vaults_theta,
          nicolae_vaults_three_branches, grunt_vaults_diagonal, v_pattern_5,
          ontoclasm_vaults_loading_screen
Vaults:2: v_pattern_3, ontoclasm_vaults_ring_large, grunt_vaults_hallway_short,
          minmay_crypt_entry_simple_sparse, vaults_room_ringed_pool,
          hangedman_vaults_cutoff, vaults_mumra_hex, v_misc_28, v_misc_25,
          nicolae_vaults_halls_meeting, ontoclasm_vaults_fault,
          hangedman_vaults_maws, basic_altar
Vaults:3: nicolae_vaults_rhombus_6, v_misc_5, dpeg_vaults_monster_box, v_misc_8,
          nicolae_vaults_diagonal_hallway_7, v_misc_15, serial_shops,
          shop_fountains
Vaults:4: grunt_vaults_hallway_long, ontoclasm_vaults_chip,
          vaults_standard_mumra_lines, ontoclasm_vaults_eye,
          nicolae_vaults_mini_display_case, hangedman_vaults_capsules,
          vaults_room_grid
Depths:1: hell_entry, pandoras_box_mu, uniq_enchantress
Depths:2: kennysheep_four_of_diamonds, enter_ziggurat_c, lightli_too_deep,
          serial_sigils_hangedman_stare, uniq_bai_suzhen, uniq_aizul

Skill      XL: |  1  2  3  4  5  6  7  8  9 10 11 12 13 14 15 16 17 18 19 20 21 |
---------------+----------------------------------------------------------------+-----
Conjurations   | 1 2 3 4 5 6 7 8 9 10 11 12 13 14 15 19 18 | 19.4
Stealth        | 3 4 5 6 8 9 11 12 14 16 17 18 19 | 19.7
Dodging        | 3 4 5 7 8 9 11 12 13 15 16 17 18 | 18.5
Fighting       | 1 2 3 4 5 6 8 9 10 11 12 | 12.3
Spellcasting   | 4 5 6 8 9 10 11 12 13 | 13.9
Ice Magic      | 4 5 |  5.1
Fire Magic     | 3 11 17 18 16 | 18.0
Poison Magic   | 3 |  3.2
Summonings     | |  1.0
Translocations | |  1.5

Action                   |  1- 3 |  4- 6 |  7- 9 | 10-12 | 13-15 | 16-18 | 19-21 || total
-------------------------+-------+-------+-------+-------+-------+-------+-------++-------
Melee: Unarmed           |    37 |    15 |   162 |   244 |   145 |    16 |    32 ||   651
       Bite              |     1 |     3 |    10 |    18 |    21 |     2 |     5 ||    60
 Cast: Magic Dart        |   118 |   184 |   412 |   263 |     1 |       |       ||   978
       Conjure Flame     |     1 |     1 |    12 |    43 |    16 |     3 |     1 ||    77
       Mephitic Cloud    |     1 |       |    29 |    69 |    27 |    14 |     5 ||   145
       Repel Missiles    |       |     1 |     3 |     2 |     3 |       |    12 ||    21
       Blink             |       |     1 |     8 |    11 |    27 |    30 |    13 ||    90
       Throw Icicle      |       |       |    17 |   311 |   193 |     1 |       ||   522
       Ozocubu's Armour  |       |       |     1 |     9 |    10 |    27 |    18 ||    65
       Dazzling Spray    |       |       |       |    84 |     2 |       |       ||    86
       Fireball          |       |       |       |    53 |   355 |   297 |   532 ||  1237
       Bolt of Magma     |       |       |       |       |   130 |    94 |   134 ||   358
       Bolt of Draining  |       |       |       |       |   148 |   502 |   476 ||  1126
       Orb of Destructio |       |       |       |       |       |    69 |    31 ||   100
       Poison Arrow      |       |       |       |       |       |    46 |       ||    46
       Fire Storm        |       |       |       |       |       |       |    11 ||    11
Evoke: Wand              |       |       |     3 |    18 |    17 |     4 |     3 ||    45
       Sack of spiders   |       |       |       |       |     2 |       |     3 ||     5
       Phial of floods   |       |       |       |       |       |     1 |       ||     1
       Box of beasts     |       |       |       |       |       |       |     2 ||     2
  Use: Scroll            |     1 |     5 |    10 |     4 |    15 |     9 |     5 ||    49
       Potion            |       |     1 |     4 |     2 |     6 |     3 |     7 ||    23
 Stab: Confused          |     1 |       |     9 |     9 |     1 |     1 |       ||    21
       Sleeping          |       |       |     2 |       |     2 |     2 |     8 ||    14
       Distracted        |       |       |       |     2 |       |       |       ||     2
       Petrified         |       |       |       |       |     4 |       |       ||     4
       Paralysed         |       |       |       |       |       |     3 |       ||     3
  Eat: Chunk             |    10 |     7 |    19 |    64 |    97 |    79 |    66 ||   342
       Pizza             |       |       |       |     4 |       |     6 |       ||    10
       Beef jerky        |       |       |       |     1 |       |       |       ||     1
       Meat ration       |       |       |       |       |       |     3 |       ||     3
Armor: Skin              |     1 |     5 |    29 |    14 |    13 |    18 |     9 ||    89
Dodge: Dodged            |    41 |    39 |   381 |   378 |   379 |   385 |   305 ||  1908
       Deflected         |       |       |     5 |     2 |    10 |     8 |    45 ||    70
